 Dungeon Crawl Stone Soup version 0.27-a0-633-gc6addc0a40 (webtiles) character file.

Game seed: 14557850819811438860

224 shoop the Cudgeller (level 6, -4/62 HPs)
             Began as an Ogre Berserker on Mar 14, 2021.
             Was a Believer of Trog.
             Slain by Menkaure (22 damage)
             ... on level 4 of the Dungeon.
             The game lasted 00:03:31 (3548 turns).

shoop the Cudgeller (Ogre Berserker)                Turns: 3548, Time: 00:03:31

Health: -4/62      AC:  3    Str: 22    XL:     6   Next: 0%
Magic:  6/6        EV: 10    Int:  8    God:    Trog [**....]
Gold:   158        SH:  0    Dex: 10    Spells: 5/5 levels left

rFire    . . .     SeeInvis .   a - +0 mace
rCold    + . .     Faith    .   (no shield)
rNeg     . . .     Spirit   .   b - +0 animal skin
rPois    .         Reflect  .   (helmet restricted)
rElec    .         Harm     .   (no cloak)
rCorr    .         Rampage  .   (gloves unavailable)
Will     .....                  (boots unavailable)
Stlth    +.........             (no amulet)
HPRegen  0.20/turn              g - ring of protection from cold
MPRegen  0.10/turn              (no ring)

@: no status effects
A: large, unfitting armour, tough skin 1
a: Renounce Religion, Berserk, Trog's Hand


You were on level 4 of the Dungeon.
You worshipped Trog.
Trog was pleased with you.
You visited 1 branch of the dungeon, and saw 4 of its levels.

You collected 158 gold pieces.

Inventory:

Hand Weapons
 a - a +0 mace (weapon)
Missiles
 i - 19 poisoned darts
 n - 12 boomerangs
 o - 7 datura-tipped darts
Armour
 b - a +0 animal skin (worn)
Jewellery
 g - a ring of protection from cold (right hand)
Scrolls
 c - 2 scrolls of teleportation {unknown}
 d - 2 scrolls of amnesia {unknown}
 e - 2 scrolls of noise {unknown}
 j - a scroll of immolation {unknown}
 k - a scroll of identify {unknown}
 l - 2 scrolls of magic mapping {unknown}
 p - 2 scrolls of fear {unknown}
 r - a scroll of enchant weapon {unknown}
Potions
 f - a potion of attraction {unknown}
 h - a potion of resistance {unknown}
 m - 2 potions of might {unknown}
 q - a potion of curing {unknown}


   Skills:
 - Level 4.0 Fighting
 + Level 5.9 Maces & Flails
 - Level 2.6 Dodging


You had 5 spell levels left.
You didn't know any spells.
Your spell library was empty.

Dungeon Overview and Level Annotations

Branches:
Dungeon (4/15)
 Temple: D:4-7

Altars:
Dithmenos
Gozag
Hepliaklqana
Sif Muna
Wu Jian
The Shining One

Annotations:
D:4 Menkaure


Innate Abilities, Weirdness & Mutations

You are too large for most types of armour.
You have tough skin. (AC +1)


Message History

You hit the jackal.
You kill the jackal!
Trog accepts your kill.
A jackal comes into view.
The quokka bites you but does no damage.
The jackal barks!
You hit the quokka.
The quokka is heavily wounded.
The quokka closely misses you.
You hit the quokka.
You kill the quokka!
Trog accepts your kill.
The jackal bites you but does no damage.
You completely miss the jackal.
The jackal bites you but does no damage.
You sock the jackal!
You kill the jackal!
Trog accepts your kill. The jackal closely misses you.
You have reached level 6!
Your experience leads to an increase in your attributes!
Increase (S)trength, (I)ntelligence, or (D)exterity?
You feel agile.
You feel stronger.
You hit the jackal but do no damage.
The jackal bites you but does no damage.
Menkaure, Prince of Dust comes into view.
You sock the jackal!
You kill the jackal!
Trog accepts your kill.
You hit Menkaure.
Menkaure is lightly damaged.
Menkaure calls on the powers of darkness!
Your body is wracked with pain!
* * * LOW HITPOINT WARNING * * *
You hit Menkaure.
Menkaure is heavily damaged.
Menkaure misses you. Menkaure barely misses you. Menkaure hits you!!
You die...

... # ...
#. #.#
.##.# ...##
.Z. #M# #@#
#.# # #.#
.#
#..##.##.#
#....<..#
####.....#
.........#
#.#.####..#
#.#.. ..#


You could see Menkaure and a leopard gecko skeleton.

Vanquished Creatures
  A scorpion (D:3)
  A hound (D:3)
  A bullfrog skeleton (D:4)
  4 adders
  An ooze (D:2)
  3 worms
  A dart slug (D:1)
  5 leopard geckos
  A giant cockroach (D:1)
  5 goblins
  5 hobgoblins
  4 jackals (D:4)
  3 quokkas
  A ball python skeleton (D:2)
  6 bats
  A frilled lizard (D:1)
  13 kobolds
  10 rats
66 creatures vanquished.

Notes
Turn   | Place    | Note
-------+----------+-------------------------------------------
     0 | D:1      | shoop the Ogre Berserker began the quest for the Orb.
     0 | D:1      | Reached XP level 1. HP: 24/24 MP: 1/1
   140 | D:1      | Reached skill level 3 in Maces & Flails
   154 | D:1      | Reached XP level 2. HP: 32/32 MP: 2/2
   444 | D:2      | Reached XP level 3. HP: 36/39 MP: 3/3
   444 | D:2      | Reached ** piety under Trog
  1036 | D:2      | Reached skill level 4 in Maces & Flails
  1344 | D:2      | Found an ornate altar of the Wu Jian Council.
  1387 | D:2      | Found a hazy altar of Hepliaklqana.
  1393 | D:2      | Found an opulent altar of Gozag.
  1399 | D:2      | Found a shimmering blue altar of Sif Muna.
  1405 | D:2      | Reached XP level 4. HP: 33/48 MP: 4/4
  1542 | D:2      | Found a glowing golden altar of the Shining One.
  1542 | D:2      | Found a shadowy altar of Dithmenos.
  3284 | D:3      | Reached skill level 5 in Maces & Flails
  3284 | D:3      | Reached XP level 5. HP: 36/54 MP: 5/5
  3542 | D:4      | Reached XP level 6. HP: 32/62 MP: 6/6
  3542 | D:4      | Noticed Menkaure
  3548 | D:4      | Slain by Menkaure

Illustrated notes

Levels and vault maps discovered:
D:1:      scummos_arrival_star, layout_basic
D:2:      layout_basic, grunt_temple_overflow_open,
          nicolae_wu_jian_immortal_techniques
D:3:      layout_basic
D:4:      layout_rooms, cheibriados_altar_1, serial_shops, nicolae_shop_crystal,
          uniq_menkaure, uniq_ijyb

Skill      XL: |  1  2  3  4 |
---------------+-------------+-----
Maces & Flails | 3 4 5 |  5.9
Fighting       | |  4.0
Dodging        | |  2.6

Action                   |  1- 3 |  4- 6 || total
-------------------------+-------+-------++-------
Melee: Mace              |   108 |   111 ||   219
 Stab: Sleeping          |       |     1 ||     1
Armor: Animal skin       |    49 |    35 ||    84
Dodge: Dodged            |    71 |    67 ||   138

Table legend: (Time is in decaauts)
 A = Elapsed time spent in this place.
 B = Non-inter-level travel time spent in this place.
 C = Inter-level travel time spent in this place.
 D = Time resting spent in this place.
 E = Time spent auto-exploring this place.
 F = Levels seen in this place.
 G = Mean time per level.
                   A        B        C        D        E       F      G
               +--------+--------+--------+--------+--------+-----+--------+
         Total |   3589 |   3407 |    182 |    115 |   2820 |   4 |  897.2 |
       Dungeon |   3589 |   3407 |    182 |    115 |   2820 |   4 |  897.2 |
               +--------+--------+--------+--------+--------+-----+--------+

Top non-repeatable levels by time:
     D:3: 1553 daAuts
     D:2: 1546 daAuts
     D:1: 436 daAuts
     D:4: 52 daAuts
